Map: Void Training Stage 1

Players

Ratl - Winner!

  • Race: Protoss Protoss
  • Spawn Location: 11:00

Player 2

  • Race: Terran Terran
  • Spawn Location: 5:00

VOD

Have the link to the VOD?

Description

Time

  • Played on: Oct. 28, 2019, 9:28 a.m.
  • Length: 8:07
Show
View Real Time Build Order
Export as new Build Order

Ratl Protoss - Winner!

Build Orders:  

Get SALT Encoding   

  12  0:04  Probe  
  13  0:17  Pylon  
  13  0:22  Probe  
  14  0:34  Probe  
  15  0:46  Probe  
  16  0:54  Gateway  
  16  0:58  Probe  
  17  1:07  Assimilator  
  17  1:11  Probe  
  18  1:16  Assimilator  
  18  1:23  Probe  
  19  1:35  Probe  
  20  1:41  Zealot  
  22  1:47  Probe  
  23  1:58  Pylon  
  23  2:01  Pylon  
  23  2:07  Pylon  
  23  2:16  Probe, Zealot  
  26  2:37  Cybernetics Core  
  26  2:43  Zealot  
  28  2:56  Probe  
  29  3:05  Nexus  
  29  3:09  Assimilator  
  29  3:10  Zealot  
  31  3:14  Assimilator  
  31  3:18  Pylon  
  31  3:21  Pylon  
  31  3:28  Warp Gate  
  31  3:37  Stalker  
  33  4:07  Adept  
  35  4:23  Probe  
  36  4:27  Probe  
  37  4:35  Probe, Twilight Council  
  37  4:37  Sentry  
  40  4:39  Probe  
  40  4:42  Gateway  
  40  4:44  Gateway  
  41  4:47  Probe  
  41  4:51  Probe  
  43  4:59  Probe  
  44  5:03  Probe  
  44  5:04  Zealot  
  47  5:11  Probe  
  48  5:14  Charge  
  48  5:15  Probe  
  49  5:23  Probe  
  49  5:27  Probe  
  51  5:31  Zealot  
  54  5:35  Probe  
  54  5:39  Probe  
  55  5:47  Probe  
  56  5:51  Probe  
  57  5:58  Zealot  
  57  5:59  Probe  
  57  6:02  Zealot  
  62  6:05  Zealot  
  64  6:12  Probe  
  64  6:18  Zealot  
  67  6:24  Probe  
  68  6:34  Stalker  
  68  6:36  Probe  
  71  6:45  Zealot  
  73  6:48  Probe  
  74  6:58  Adept  
  76  7:12  Zealot  
  78  7:16  Pylon  
  78  7:20  Pylon  
  78  7:25  Pylon  
  78  7:39  Zealot  
  78  7:40  Zealot  
  80  7:59  Adept  
Show
View Real Time Build Order
Export as new Build Order

Player 2 Terran 

Build Orders:  

Get SALT Encoding   

  12  0:00  SCV  
  13  0:13  SCV  
  14  0:19  Supply Depot  
  14  0:36  Refinery  
  14  0:45  Barracks  
  14  1:03  Supply Depot  
  14  1:12  Refinery  
  14  1:32  Barracks Tech Lab  
  14  1:33  Orbital Command  
  14  1:51  Marine  
  15  1:59  SCV  
  16  2:11  SCV  
  17  2:23  SCV  
  18  2:35  SCV  
  19  2:38  Marine  
  20  2:47  SCV  
  21  2:59  SCV  
  24  3:27  Marauder  
  24  6:49  Marine, SCV  
  24  6:51  Supply Depot  
  26  7:01  SCV  
  26  7:13  SCV  
  27  7:22  Marine  
  27  7:25  SCV  
  28  7:37  SCV  
  29  7:49  SCV  
  22  7:51  Supply Depot  
Tags
 
Add a new tag
Caveats
  • Supply blocks, unpowered buildings, or Contaminate may cause inaccurate times.
  • Supply counts are checked every 10 seconds.